 Dungeon Crawl Stone Soup version 0.27-a0-906-g0a00ce863d (webtiles) character file.

Game seed: 16770185466484551320

153 nicknak712 the Slasher (level 5, -6/41 HPs)
             Began as a Demonspawn Fighter on Apr 7, 2021.
             Mangled by a gnoll
             ... wielding a +0 halberd
              (12 damage)
             ... on level 4 of the Dungeon.
             The game lasted 00:09:36 (3641 turns).

nicknak712 the Slasher (Demonspawn Fighter)         Turns: 3641, Time: 00:09:36

Health: -6/41      AC:  7    Str: 16 (17) XL:     5   Next: 12%
Magic:  4/4        EV:  7    Int:  8 (10) God:
Gold:   194        SH:  0    Dex: 13 (14) Spells: 4/4 levels left

rFire    . . .     SeeInvis .   a - +0 long sword
rCold    . . .     Faith    +   c - +0 kite shield
rNeg     . . .     Spirit   .   b - +0 scale mail
rPois    .         Reflect  .   (no helmet)
rElec    .         Harm     .   p - +0 cloak
rCorr    .         Rampage  .   (no gloves)
Will     .....                  (no boots)
Stlth    ..........             m - amulet of faith
HPRegen  0.13/turn              (no ring)
MPRegen  0.09/turn              (no ring)

@: confused, brilliant, ambrosia-drunk, very slightly contaminated, invisible
A: talons 2, ignite blood 1, agile 1, low mp 1, screaming 1
a: no special abilities


You were on level 4 of the Dungeon.
You visited 1 branch of the dungeon, and saw 4 of its levels.

You collected 194 gold pieces.

Inventory:

Hand Weapons
 a - a +0 long sword (weapon)
Missiles
 q - 3 curare-tipped darts (quivered)
Armour
 b - a +0 scale mail (worn)
 c - a +0 kite shield (worn)
 h - a +0 scale mail
 p - a +0 cloak (worn)
Jewellery
 m - an amulet of faith (around neck)
Wands
 o - a wand of iceblast (9)
 r - a wand of digging (3)
Scrolls
 g - 3 scrolls of summoning {unknown}
 k - a scroll of fear {unknown}
 n - 3 scrolls of fog {unknown}
Potions
 d - a potion of might
 f - 6 potions of curing
 l - a potion of brilliance


   Skills:
 + Level 3.3 Fighting
 * Level 3.8 Long Blades
 + Level 3.1 Armour
 + Level 0.1 Dodging
 + Level 0.1 Stealth
 + Level 3.3 Shields


You had 4 spell levels left.
You didn't know any spells.
Your spell library contained the following spells:

 Spells                   Type           Power      Damage    Failure   Level
 Confusing Touch          Hex            0%         N/A       100%        3
 Gell's Gravitas          Tloc           0%         N/A       100%        3
 Petrify                  Tmut/Erth      0%         N/A       100%        4
 Metabolic Englaciation   Hex/Ice        0%         N/A       100%        5
 Yara's Violent Unravell  Hex/Tmut       0%         3d3       100%        5


Dungeon Overview and Level Annotations

Branches:
Dungeon (4/15)
 Temple: D:4-7

Altars:
Dithmenos


Innate Abilities, Weirdness & Mutations

You have razor-sharp toenails.
Your demonic aura sometimes causes spilled blood to erupt in flames You are agile. (Dex +2)
Your magical capacity is low. (-10% MP)
You occasionally shout uncontrollably at your foes.


Message History

You block the gnoll's attack. The gnoll completely misses you.
The gnoll hits you with a +0 flail.
Your shield and scale mail prevent you from hitting the gnoll.
You claw the gnoll.
The gnoll is moderately wounded.
The gnoll barely misses you. The gnoll hits you but does no damage.
The gnoll hits you from afar with a +0 halberd.
The gnoll hits you with a +0 flail. The gnoll hits you but does no damage.
The gnoll hits you from afar with a +0 halberd!
* * * LOW HITPOINT WARNING * * *
There is a stone staircase leading down here.
You hit the gnoll. You claw the gnoll.
The gnoll is almost dead.
The gnoll hits you with a +0 flail.
* * * LOW HITPOINT WARNING * * *
It was a potion of invisibility.
You fade into invisibility!
You block the gnoll's attack.
You are very lightly contaminated with residual magic.
It was a potion of curing.
You feel better. The gnoll barely misses you. You block the gnoll's attack.
It was a potion of degeneration.
There was something very wrong with that liquid.
You feel weakened.
You feel dopey.
You feel clumsy. You block the gnoll's attack.
The gnoll hits you from afar with a +0 halberd!
* * * LOW HITPOINT WARNING * * *
It was a potion of mutation.
You feel extremely strange.
You feel the urge to shout.
You feel less energetic.
You feel agile.
Your toenails lengthen and sharpen.
You block the gnoll's attack. The gnoll closely misses you.
Sorry, you're not good enough to have a special ability.
It was a potion of brilliance.
You feel clever all of a sudden. The gnoll barely misses you.
The gnoll completely misses you.
It was a potion of ambrosia.
You are confused.
You feel invigorated. The gnoll hits you but does no damage.
The gnoll hits you from afar with a +0 halberd!
You die...

.##.#######
........... .#.
###.####### #.#
..†.### #.# .#
......######## #.# .#
.####........# #.# .#
.# ########.# #.# .#
.######## #.# #.# .#
........# #.# #@# .#
....###.#
#.###g##.###### #.#.#
#.####...†gg[.......
#.#.#
#......>...g..######
#.#.############.####
#.#..............#
..################
###


You could see 4 gnolls.

Vanquished Creatures
  A howler monkey (D:4)
  A hound skeleton (D:4)
  2 adders (D:3)
  2 worms (D:2)
  3 dart slugs
  4 ball pythons
  7 bats
  4 endoplasms
  4 giant cockroaches
  13 goblins
  3 hobgoblins
  3 jackals (D:2)
  8 quokkas
  6 frilled lizards
  7 kobolds
  7 rats
75 creatures vanquished.

Notes
Turn   | Place    | Note
-------+----------+-------------------------------------------
     0 | D:1      | nicknak712 the Demonspawn Fighter began the quest for the
                  | Orb.
     0 | D:1      | Reached XP level 1. HP: 18/18 MP: 1/1
   300 | D:1      | Gained mutation: Your demonic aura sometimes causes spilled
                  | blood to erupt in flames [demonic ancestry]
   300 | D:1      | Reached XP level 2. HP: 24/24 MP: 2/2
   730 | D:1      | Found a faded altar of an unknown god.
  1179 | D:1      | Gained mutation: You have sharp toenails. [demonic
                  | ancestry]
  1179 | D:1      | Reached XP level 3. HP: 12/29 MP: 3/3
  2173 | D:2      | Found a shadowy altar of Dithmenos.
  2767 | D:3      | Reached XP level 4. HP: 35/35 MP: 4/4
  3583 | D:4      | Reached XP level 5. HP: 39/41 MP: 5/5
  3635 | D:4      | HP: 1/41 [gnoll/+0 flail (5)]
  3639 | D:4      | Gained mutation: You occasionally shout uncontrollably at
                  | your foes. [potion of mutation]
  3639 | D:4      | Gained mutation: Your magical capacity is low. (-10% MP)
                  | [potion of mutation]
  3639 | D:4      | Gained mutation: You are agile. (Dex +2) [potion of
                  | mutation]
  3639 | D:4      | Gained mutation: You have razor-sharp toenails. [potion of
                  | mutation]
  3641 | D:4      | Mangled by a gnoll

Illustrated notes

Levels and vault maps discovered:
D:1:      minmay_arrival_four_circles, layout_basic,
          chequers_ecumenical_altar_simple_redux, minmay_hexomino_f4
D:2:      layout_loops_cross, basic_altar
D:3:      minmay_angry_zag, layout_loops_ring, minmay_misc_feat_five,
          minmay_starry_boxes
D:4:      layout_loops_ring, good_gods_temple_1

Skill      XL: |  1  2  3 |
---------------+----------+-----
Long Blades    | 2 3 |  3.8
Armour         | 3 |  3.1
Shields        | 3 |  3.3
Fighting       | |  3.3
Dodging        | |  0.1
Stealth        | |  0.1

Action                   |  1- 3 |  4- 6 || total
-------------------------+-------+-------++-------
Melee: Long sword        |   167 |    63 ||   230
       Kick              |    23 |    19 ||    42
  Use: Potion            |       |     6 ||     6
Armor: Scale mail        |   106 |    37 ||   143
Dodge: Dodged            |    50 |    30 ||    80
Block: Kite shield       |    91 |    39 ||   130
       Rpst.: Long sword |    11 |     9 ||    20

Table legend: (Time is in decaauts)
 A = Elapsed time spent in this place.
 B = Non-inter-level travel time spent in this place.
 C = Inter-level travel time spent in this place.
 D = Time resting spent in this place.
 E = Time spent auto-exploring this place.
 F = Levels seen in this place.
 G = Mean time per level.
                   A        B        C        D        E       F      G
               +--------+--------+--------+--------+--------+-----+--------+
         Total |   3759 |   3662 |     97 |      0 |   3076 |   4 |  939.8 |
       Dungeon |   3759 |   3662 |     97 |      0 |   3076 |   4 |  939.8 |
               +--------+--------+--------+--------+--------+-----+--------+

Top non-repeatable levels by time:
     D:1: 1685 daAuts
     D:3: 1040 daAuts
     D:2: 895 daAuts
     D:4: 137 daAuts
